 Dungeon Crawl Stone Soup version 0.18.1-6-gd335043 (webtiles) character file.

119 Wooh the Poker (level 5, 0/43 HPs)
             Began as a Merfolk Fighter on May 18, 2016.
             Slain by an orc wizard
             ... wielding a +0 dagger
              (2 damage)
             ... on level 3 of the Dungeon.
             The game lasted 00:04:42 (2039 turns).

Wooh the Poker (Merfolk Fighter)                    Turns: 2039, Time: 00:04:43

Health: 0/43       AC:  6    Str: 18    XL:     5   Next: 3%
Magic:  5/5        EV:  7    Int:  7    God:
Gold:   122        SH:  9    Dex: 13    Spells: 0 memorised, 4 levels left

rFire  . . .     SeeInvis .     a - +0 trident
rCold  . . .     Gourm    .     b - +0 scale mail
rNeg   + . .     Faith    .     c - +0 shield
rPois  .         Spirit   .     (no helmet)
rElec  .         Dismiss  .     (no cloak)
rCorr  .         Reflect  .     (no gloves)
SustAt .         Harm     .     (no boots)
MR     .....                    (no amulet)
Stlth  ..........               (no ring)
                                e - ring of positive energy

@: not resistant to hostile enchantments, extremely unstealthy
A: change form in water, swift swim
a: no special abilities


You were on level 3 of the Dungeon.
You were hungry.

You visited 1 branch of the dungeon, and saw 3 of its levels.

You collected 122 gold pieces.

Inventory:

Hand Weapons
 a - a +0 trident (weapon)
Missiles
 l - 42 poisoned needles
 m - 2 javelins (quivered)
Armour
 b - a +0 scale mail (worn)
 c - a +0 shield (worn)
Jewellery
 e - a ring of positive energy (left hand)
 n - an uncursed ring of wizardry
 o - an uncursed ring of ice
Scrolls
 h - 4 scrolls of identify {unknown}
 s - 2 scrolls of remove curse {unknown}
Potions
 d - a potion of might
 i - 2 potions of degeneration {unknown}
 j - 3 potions of curing {unknown}
 k - a potion of cancellation {unknown}
 p - a potion of lignification {unknown}
 t - a potion of flight {unknown}
 u - a potion of mutation {unknown}
Comestibles
 f - 2 bread rations
 g - 4 meat rations
 q - a beef jerky
 r - a slice of pizza


   Skills:
 + Level 4.4 Fighting
 - Level 6.0 Polearms
 - Level 2.1 Armour
 - Level 3.0 Shields


You had 4 spell levels left.
You didn't know any spells.

Dungeon Overview and Level Annotations

Branches:
Dungeon (3/15)

Altars:
Kikubaaqudgha
Makhleb
Nemelex Xobeh


Message History

You hear some strange, mumbled words.
A puff of frost appears from out of thin air!
The puff of frost hits you!
* * * LOW HITPOINT WARNING * * *
You miss something. The bat closely misses you.
Something hits you but does no damage. x2; The bat closely misses you.
Your shield and scale mail prevent you from hitting something.
The bat hits you.
* * * LOW HITPOINT WARNING * * *
Something hits you but does no damage.
You closely miss something. The bat hits you but does no damage.
You block the bat's attack. Something hits you.
* * * LOW HITPOINT WARNING * * *
You hit something. The bat hits you but does no damage. x2
Something hits you.
* * * LOW HITPOINT WARNING * * *
Something hits you but does no damage. The bat closely misses you.
You closely miss something. The bat barely misses you.
Something hits you but does no damage. Something hits you.
You die...

####.####
.......####.
#........... #
#.#.........
####.##.........(
.............#
......#....#o#
...#..#.##o#b#
...........#@#
.#.#..#.#..#.#
.#.#........b#
........#..#.#
...........#.#
....#.##..##.####.#
............<.....#
##.######.#########
# #.#


You could see an orc and 2 bats.

Vanquished Creatures
  An orc priest (D:3)
  A hound (D:2)
  An adder (D:2)
  A worm (D:2)
  2 dart slugs
  2 giant geckos
  6 bats
  A giant cockroach (D:1)
  5 goblins
  5 hobgoblins
  5 giant newts
  10 kobolds
  5 rats
45 creatures vanquished.

Vanquished Creatures (others)
  A kobold (D:2)
1 creature vanquished.

Grand Total: 46 creatures vanquished

Notes
Turn   | Place    | Note
--------------------------------------------------------------
     0 | D:1      | Wooh the Merfolk Fighter began the quest for the Orb.
     0 | D:1      | Reached XP level 1. HP: 18/18 MP: 1/1
   222 | D:1      | Reached skill level 4 in Polearms
   222 | D:1      | Reached XP level 2. HP: 24/24 MP: 2/2
   926 | D:1      | Reached XP level 3. HP: 29/29 MP: 3/3
   986 | D:1      | Reached skill level 5 in Polearms
  1489 | D:2      | Reached skill level 6 in Polearms
  1566 | D:2      | Reached XP level 4. HP: 32/35 MP: 4/4
  1703 | D:2      | Found a burning altar of Makhleb.
  1759 | D:2      | Found an ancient bone altar of Kikubaaqudgha.
  1778 | D:2      | Found a sparkling altar of Nemelex Xobeh.
  2032 | D:3      | Reached XP level 5. HP: 11/43 MP: 5/5
  2038 | D:3      | HP: 2/43 [something (2)]
  2039 | D:3      | Slain by an orc wizard

Skill      XL: |  1  2  3  4 |
---------------+-------------+-----
Polearms       | 4 6 |  6.0
Fighting       | 4 |  4.4
Armour         | |  2.1
Shields        | |  3.0

Action                   |  1- 3 |  4- 6 || total
-------------------------+-------+-------++-------
Melee: Trident           |   148 |    36 ||   184
  Eat: Chunk             |     2 |     1 ||     3
Armor: Scale mail        |    45 |    24 ||    69
Dodge: Dodged            |    23 |    15 ||    38
Block: Shield            |    67 |    22 ||    89
